 Dungeon Crawl Stone Soup version 0.30-a0-476-g330ca2eb8e (webtiles) character file.

Game seed: 7052270575221876107

784 bmack86 the Chopper (level 7, 0/61 HPs)
             Began as a Minotaur Fighter on Dec 22, 2022.
             Succumbed to an adder's poison
             ... on level 5 of the Dungeon.
             The game lasted 00:09:55 (2739 turns).

bmack86 the Chopper (Minotaur Fighter)              Turns: 2739, Time: 00:09:55

Health: 0/61       AC: 18    Str: 22    XL:     7   Next: 55%
Magic:  6/6        EV:  5    Int:  5    God:
Gold:   180        SH: 12    Dex: 16    Spells: 6/6 levels left

rFire   . . .      SeeInvis .    a - +0 war axe
rCold   . . .      Faith    .    q - +2 kite shield
rNeg    . . .      Spirit   .    t - +0 plate armour
rPois   .          Reflect  .    (helmet restricted)
rElec   .          Harm     .    h - +2 cloak
rCorr   .          Rampage  .    w - +1 pair of gloves
Will    .....                    (no boots)
Stlth   ..........               (no amulet)
HPRegen 0.30/turn                r - +6 ring of dexterity
MPRegen 0.10/turn                (no ring)

@: lethally poisoned (0 -> -2)
A: horns 2, retaliatory headbutt
a: no special abilities


You were on level 5 of the Dungeon.
You visited 1 branch of the dungeon, and saw 5 of its levels.

You collected 180 gold pieces.

Inventory:

Hand Weapons
 a - a +0 war axe (weapon)
Missiles
 f - 9 boomerangs (quivered)
Armour
 b - a +0 scale mail
 c - a +1 buckler
 h - a +2 cloak (worn)
 q - a +2 kite shield (worn)
 t - a +0 plate armour (worn)
 w - a +1 pair of gloves (worn)
Jewellery
 r - a +6 ring of dexterity (left hand)
Scrolls
 o - a scroll of fear
 s - a scroll of fog
Potions
 d - a potion of might
 e - a potion of flight {unknown}
 g - a potion of ambrosia
 i - a potion of berserk rage
 j - a potion of curing {unknown}
 k - a potion of degeneration {unknown}
 l - 2 potions of magic {unknown}
 m - a potion of heal wounds {unknown}
 n - 2 potions of attraction {unknown}
 p - 2 potions of haste {unknown}
 v - a potion of brilliance {unknown}


   Skills:
 + Level 5.4 Fighting
 * Level 6.2 Axes
 + Level 3.1 Throwing
 + Level 5.6 Armour
 + Level 5.5 Shields


You had 6 spell levels left.
You didn't know any spells.
Your spell library contained the following spells:

 Spells                   Type           Power      Damage    Failure   Level
 Inner Flame              Hex/Fire       0%         N/A       100%        3
 Flame Wave               Conj/Fire      0%         2d4       100%        4
 Sticky Flame             Conj/Fire      0%         2d3       100%        4


Dungeon Overview and Level Annotations

Branches:
Dungeon (5/15)
 Temple: D:4-7

Altars:
Ru

Shops:
D:2 =?


Innate Abilities, Weirdness & Mutations

You have a pair of horns on your head.
You reflexively headbutt those who attack you in melee.


Message History

Your Throwing skill increases to level 3!
The gnoll sergeant hits you with a +4 vorpal spear!
* * * LOW HITPOINT WARNING * * *
x2 You block the adder's attack.
Things that are here:
a +0 flail; a gnoll corpse Unknown command.
You slash the gnoll sergeant! The gnoll sergeant blocks your attack.
The gnoll sergeant is heavily wounded.
You closely miss the adder. You block the adder's attack.
The gnoll sergeant hits you with a +4 vorpal spear.
* * * LOW HITPOINT WARNING * * *
x2 You hit the gnoll sergeant.
You headbutt the gnoll sergeant!
The gnoll sergeant is severely wounded.
You hit the adder. The adder bites you but does no damage.
You block the gnoll sergeant's attack. The adder bites you but does no damage.
You hit the gnoll sergeant but do no damage.
The gnoll sergeant is severely wounded.
You miss the adder. The adder bites you.
* * * LOW HITPOINT WARNING * * *
You are lethally poisoned!
The adder poisons you! The gnoll sergeant barely misses you.
You block the adder's attack. You block the gnoll sergeant's attack.
The gnoll sergeant blocks your attack.
The gnoll sergeant is severely wounded.
You hit the adder.
* * * LOW HITPOINT WARNING * * *
You feel very sick. The adder bites you but does no damage.
You block the gnoll sergeant's attack.
You slash the gnoll sergeant!
You kill the gnoll sergeant!
You barely miss the adder.
* * * LOW HITPOINT WARNING * * *
You feel sick. You block the adder's attack. x2
The adder attacks as you move away! The adder bites you but does no damage.
* * * LOW HITPOINT WARNING * * *
You feel sick.
Items here: ) [[ †.
Unknown command.
You die...

#....##.## ##.....#..#
.# #......#..###
...###....#....#.#
..........#......## #
............##....#.##
.............#)......#
..............S)@....#
...........#.)).....##
...........##......##
..........###.#....#
......†....##.......#
............#.....#.#
..................#..#
...........##.......##
............####


You could see an adder.

Vanquished Creatures
  Sigmund (D:5)
  An ice beast (D:4)
  2 scorpions
  A gnoll sergeant (D:5)
  A necrophage (D:4)
  A hound (D:4)
  An orc wizard (D:4)
  8 gnolls
  8 adders
  A shadow imp (D:5)
  A worm (D:4)
  6 dart slugs
  5 orcs (D:4)
  3 ball pythons
  9 endoplasms
  2 giant cockroaches
  8 goblins
  8 hobgoblins
  4 jackals (D:1)
  6 kobolds
  A quokka (D:1)
  A bat (D:2)
  4 frilled lizards
  2 rats (D:1)
85 creatures vanquished.

Notes
Turn   | Place    | Note
-------+----------+-------------------------------------------
     0 | D:1      | bmack86 the Minotaur Fighter began the quest for the Orb.
     0 | D:1      | Reached XP level 1. HP: 19/19 MP: 0/0
    12 | D:1      | Reached XP level 2. HP: 19/27 MP: 1/1
   186 | D:1      | Reached skill level 3 in Axes
   193 | D:1      | Reached XP level 3. HP: 32/33 MP: 2/2
   612 | D:2      | Reached skill level 1 in Throwing
   612 | D:2      | Reached XP level 4. HP: 37/40 MP: 3/3
   662 | D:2      | Reached skill level 4 in Axes
   788 | D:2      | Found Miestov's Magic Scroll Emporium.
   876 | D:2      | Reached XP level 5. HP: 47/47 MP: 4/4
   881 | D:2      | Found Ysmigh's Jewellery Shop.
  1434 | D:3      | Found a sacrificial altar of Ru.
  2082 | D:4      | Reached XP level 6. HP: 53/53 MP: 5/5
  2242 | D:4      | Noticed an ice beast
  2258 | D:4      | Killed an ice beast
  2259 | D:4      | Reached skill level 5 in Axes
  2259 | D:4      | Reached skill level 5 in Armour
  2420 | D:4      | Reached skill level 5 in Shields
  2492 | D:4      | Reached skill level 5 in Fighting
  2597 | D:5      | Entered Level 5 of the Dungeon
  2597 | D:5      | Noticed Sigmund
  2606 | D:5      | Killed Sigmund
  2607 | D:5      | Reached XP level 7. HP: 61/61 MP: 6/6
  2720 | D:5      | Reached skill level 6 in Axes
  2736 | D:5      | HP: 2/61 [poisoned by an adder]
  2739 | D:5      | Succumbed to an adder's poison

Illustrated notes

Levels and vault maps discovered:
D:1:      scummos_arrival_checkerplants, layout_rooms
D:2:      layout_basic, serial_shops, nicolae_shop_behind_doors,
          nicolae_shop_statue_plus
D:3:      layout_loops_ring, nicolae_ru_sacrificial_ziggurat,
          dreamdust_wishing_well
D:4:      layout_cave_pools
D:5:      layout_cave_pools, lemuel_crystal_altar, serial_shops, shop_fountains,
          dk_rats_in_the_wall, uniq_eustachio, uniq_pikel, uniq_menkaure,
          uniq_sigmund

Skill      XL: |  1  2  3  4  5  6  7 |
---------------+----------------------+-----
Shields        | 4 5 |  5.5
Axes           | 3 4 5 6 |  6.2
Armour         | 4 5 |  5.6
Fighting       | 4 5 |  5.4
Throwing       | 1 2 3 |  3.1

Action                   |  1- 3 |  4- 6 |  7- 9 || total
-------------------------+-------+-------+-------++-------
Melee: War axe           |    60 |   108 |    24 ||   192
       Headbutt          |     5 |    21 |     5 ||    31
Throw: Boomerang         |     3 |     1 |       ||     4
  Use: Scroll            |     5 |     5 |       ||    10
Armor: Scale mail        |    42 |    47 |       ||    89
       Plate armour      |       |    22 |    17 ||    39
Dodge: Dodged            |    40 |    43 |     9 ||    92
Block: Buckler           |    12 |    16 |       ||    28
       Kite shield       |       |    27 |    23 ||    50

Table legend: (Time is in decaauts)
 A = Elapsed time spent in this place.
 B = Non-inter-level travel time spent in this place.
 C = Inter-level travel time spent in this place.
 D = Time resting spent in this place.
 E = Time spent auto-exploring this place.
 F = Levels seen in this place.
 G = Mean time per level.
                   A        B        C        D        E       F      G
               +--------+--------+--------+--------+--------+-----+--------+
         Total |   2811 |   2698 |    113 |     96 |   1570 |   5 |  562.2 |
       Dungeon |   2811 |   2698 |    113 |     96 |   1570 |   5 |  562.2 |
               +--------+--------+--------+--------+--------+-----+--------+

Top non-repeatable levels by time:
     D:2: 826 daAuts
     D:3: 663 daAuts
     D:4: 645 daAuts
     D:1: 522 daAuts
     D:5: 152 daAuts
